 Dungeon Crawl Stone Soup version 0.24.0-28-g17ded55e90 (webtiles) character file.

Game seed: 11889081943675459380, levelgen mode: deterministic

135 H0rd4k the Magician (level 4, -1/24 HPs)
             Began as a Deep Elf Wizard on Nov 13, 2019.
             Killed from afar by Natasha (11 damage)
             ... with a magic dart
             ... on level 2 of the Dungeon.
             The game lasted 00:04:16 (1714 turns).

H0rd4k the Magician (Deep Elf Wizard)               Turns: 1714, Time: 00:04:16

Health: -1/24      AC:  2    Str:  4    XL:     4   Next: 96%
Magic:  12/15      EV: 13    Int: 24    God:
Gold:   113        SH:  0    Dex: 13    Spells: 8/17 levels left

rFire    . . .     SeeInvis .   (no weapon)
rCold    . . .     Gourm    .   (no shield)
rNeg     . . .     Faith    .   a - +0 robe
rPois    .         Spirit   .   b - +0 hat
rElec    .         Reflect  .   (no cloak)
rCorr    .         Harm     .   (no gloves)
MR       .....                  (no boots)
Stlth    ++........             (no amulet)
HPRegen  0.08/turn              (no ring)
MPRegen  0.14/turn              (no ring)

@: no status effects
A: no striking features
a: no special abilities


You were on level 2 of the Dungeon.
You were not hungry.

You visited 1 branch of the dungeon, and saw 2 of its levels.

You collected 113 gold pieces.

Inventory:

Missiles
 i - 28 poisoned darts (quivered)
Armour
 a - a +0 robe (worn)
 b - a +0 hat (worn)
Scrolls
 c - 2 scrolls of remove curse {unknown}
 e - a scroll of enchant weapon {unknown}
 f - 2 scrolls of teleportation {unknown}
 g - a scroll of enchant armour {unknown}
 j - 2 scrolls of magic mapping {unknown}
 m - a scroll of random uselessness {unknown}
Potions
 h - a potion of curing {unknown}
 k - a potion of cancellation {unknown}
 l - 2 potions of heal wounds {unknown}
Comestibles
 d - 2 rations


   Skills:
 + Level 2.5 Dodging
 + Level 2.8 Stealth
 + Level 7.2 Spellcasting
 + Level 2.0 Conjurations
   Level 1.1 Summonings
 + Level 1.1 Translocations


You had 8 spell levels left.
You knew the following spells:

 Your Spells              Type           Power        Failure   Level  Hunger
a - Magic Dart            Conj           ###.         3%          1    None
b - Blink                 Tloc           N/A          7%          2    None
c - Conjure Flame         Conj/Fire      ##......     14%         3    None
d - Mephitic Cloud        Conj/Pois/Air  ##......     16%         3    None

Your spell library contained the following spells:

 Spells                   Type           Power        Failure   Level  Hunger
 Call Imp                 Summ           ##......     7%          2    None
 Slow                     Hex            #.......     11%         2    None


Dungeon Overview and Level Annotations

Branches:
Dungeon (2/15)

Altars:

Annotations:
D:2 Natasha


Message History

A magic dart appears from out of thin air!
The magic dart hits you.
Casting: Magic Dart (safe; 3% risk of failure)
Confirm with . or Enter, or press ? or * to list all spells.
Aiming: Magic Dart (safe; 3% risk of failure)
Press: ? - help, Shift-Dir - straight line The magic dart hits something.
Casting: Magic Dart (safe; 3% risk of failure)
Confirm with . or Enter, or press ? or * to list all spells.
Aiming: Magic Dart (safe; 3% risk of failure)
Press: ? - help, Shift-Dir - straight line The magic dart hits something.
Casting: Magic Dart (safe; 3% risk of failure)
Confirm with . or Enter, or press ? or * to list all spells.
Aiming: Magic Dart (safe; 3% risk of failure)
Press: ? - help, Shift-Dir - straight line The magic dart hits something but does no damage.
A magic dart appears from out of thin air!
The magic dart hits you!
You die...

.....##
#(#.##..............###.
......# #.#.##..............#
#. ......#
#.#.##..............# #.
......## #.#.##..............#
#. .......#
#.#.##..............# #.
.....#.###.#.##..............#
#.
.....#..##.#.##..............#
#.
.....##.##.#.##..............#
#. .....##..#.#
#.@............# #.
.....###.#.# #######.########
#. ###### #.#.# #.# ## #...#
#.# ##..#.# #.# #..#.# #.#
#..#.########.#
##>#.#........#
######.#.#........#


There were no monsters in sight!

Vanquished Creatures
  Natasha (twice) (D:2)
  2 adders (D:2)
  A worm (D:2)
  4 dart slugs
  A leopard gecko (D:1)
  5 bats
  3 giant cockroaches
  6 goblins
  8 hobgoblins
  4 kobolds
  6 frilled lizards
  18 rats
60 creatures vanquished.

Notes
Turn   | Place    | Note
-------+----------+-------------------------------------------
     0 | D:1      | H0rd4k the Deep Elf Wizard began the quest for the Orb.
     0 | D:1      | Reached XP level 1. HP: 10/10 MP: 7/7
   136 | D:1      | Reached skill level 5 in Spellcasting
   136 | D:1      | Reached XP level 2. HP: 15/15 MP: 6/10
   569 | D:1      | Reached XP level 3. HP: 19/19 MP: 2/12
  1094 | D:1      | Learned a level 2 spell: Blink
  1098 | D:1      | Learned a level 3 spell: Conjure Flame
  1102 | D:1      | Learned a level 3 spell: Mephitic Cloud
  1189 | D:2      | Reached skill level 6 in Spellcasting
  1299 | D:2      | Noticed Natasha
  1304 | D:2      | Killed Natasha
  1304 | D:2      | Reached XP level 4. HP: 15/24 MP: 8/14
  1306 | D:2      | Noticed Natasha
  1317 | D:2      | Killed Natasha
  1429 | D:2      | Reached skill level 7 in Spellcasting
  1702 | D:2      | Noticed Natasha
  1714 | D:2      | Killed from afar by Natasha

Levels and vault maps discovered:
D:1:      erik_arrival_orb_chamber, layout_loops_ring, nrook_campfire,
          minmay_small_reverse_x
D:2:      layout_basic, uniq_natasha

Skill      XL: |  1  2  3  4 |
---------------+-------------+-----
Spellcasting   | 5 6 7 |  7.2
Conjurations   | 2 |  2.0
Dodging        | |  2.5
Stealth        | |  2.8
Summonings     | |  1.1
Translocations | |  1.1

Action                   |  1- 3 |  4- 6 || total
-------------------------+-------+-------++-------
 Cast: Magic Dart        |   104 |    47 ||   151
  Eat: Chunk             |     1 |     1 ||     2
Armor: Robe              |     2 |       ||     2
Dodge: Dodged            |     6 |     1 ||     7
